 Dungeon Crawl Stone Soup version 0.31.0-12-g77e489cdc1 (webtiles) character file.

Game seed: 8682769089376255098

14 gohu the Magician (level 2, 0/21 HPs)
             Began as a Djinni Fire Elementalist on Mar 7, 2024.
             Slain by a quokka (2 damage)
             ... on level 1 of the Dungeon.
             The game lasted 00:00:30 (187 turns).

gohu the Magician (Djinni Fire Elementalist)         Turns: 187, Time: 00:00:30

Health: 0/21       AC:  2    Str:  7    XL:     2   Next: 55%
Gold:   0          EV: 12    Int: 16    God:
                   SH:  0    Dex: 13

rFire   + + .        (no weapon)
rCold   x . .        (no shield)
rNeg    . . .        a - +0 robe
rPois   ∞            (no helmet)
rElec   .            (no cloak)
rCorr   .            (no gloves)
SInv    .            (boots unavailable)
Will    .....        (no amulet)
Stlth   ++           (no ring)
HPRegen 0.23/turn    (no ring)
MPRegen 0.00/turn

%: infuse magic (-1 HP)
@: flying
A: sickness immunity, fire resistance 2, cold vulnerability 1, float, innate
caster, HP casting, extra vitality 1
a: no special abilities


You were on level 1 of the Dungeon.
You visited 1 branch of the dungeon, and saw 1 of its levels.

Inventory:

Armour
 a - a +0 robe (worn)
Potions
 b - a potion of brilliance {unknown}
 c - 2 potions of enlightenment {unknown}
 d - a potion of mutation {unknown}


   Skills:
 - Level 2.1 Dodging
 - Level 1.5 Stealth
 * Level 3.6 Spellcasting
 * Level 3.6 Conjurations
 * Level 3.6 Hexes
   Level 0.0 Charms
 * Level 3.6 Summonings
 * Level 3.6 Necromancy
 * Level 3.6 Translocations
   Level 0.0 Transmutations
 * Level 3.6 Fire Magic
 * Level 3.6 Ice Magic
 * Level 3.6 Air Magic
 * Level 3.6 Earth Magic
 * Level 3.6 Alchemy


You knew the following spells:

 Your Spells              Type           Power      Damage    Failure   Level
a - Foxfire               Conj/Fire      56%        2x1d6     4%          1
b - Scorch                Fire           28%        2d6       6%          2
c - Volatile Blastmotes   Fire/Tloc      28%        2d12      12%         3
d - Inner Flame           Hex/Fire       14%        N/A       12%         3
e - Flame Wave            Conj/Fire      14%        2d6       36%         4
Your spell library was empty.

Dungeon Overview and Level Annotations

Branches:
Dungeon (1/15)

Altars:


Innate Abilities, Weirdness & Mutations

You are immune to sickness and miasma.
You are immune to poison.
Your flesh is very heat resistant. (rF++)
You are vulnerable to cold. (rC-)
You float through the air rather than walking.
You learn spells naturally, not from books.
Your magical power is your life essence.
You have superior vitality. (+4 MHP)


Message History

A goblin comes into view. It is wielding a +0 dagger.
Casting: Foxfire (safe; 4% risk of failure)
Confirm with . or Enter, or press ? or * to list all spells.
There is not enough space to conjure foxfire!
Your foxfire dissipates!
An endoplasm comes into view.
The endoplasm quivers.
The quokka attacks as it pursues you! The quokka closely misses you.
The quokka barely misses you.
Casting: Foxfire (safe; 4% risk of failure)
Confirm with . or Enter, or press ? or * to list all spells.
You conjure some foxfire!
The foxfire hits the quokka but does no damage.
The quokka is heavily wounded.
The foxfire hits the quokka but does no damage.
The quokka is heavily wounded.
The quokka barely misses you. The quokka bites you.
Casting: Foxfire (safe; 4% risk of failure)
Confirm with . or Enter, or press ? or * to list all spells.
You miscast Foxfire.
You are very lightly contaminated with residual magic.
Nothing appears to happen.
The quokka misses you. x2
The quokka bites you but does no damage.
The quokka bites you. The quokka attacks as it pursues you!
The quokka barely misses you. The quokka attacks as it pursues you!
The quokka bites you.
The quokka bites you but does no damage.
The quokka bites you.
Your magical contamination has completely faded away.
Casting: Foxfire (safe; 4% risk of failure)
Confirm with . or Enter, or press ? or * to list all spells.
Flames lash the hobgoblin.
You kill the hobgoblin!
* * * LOW HITPOINT WARNING * * *
The quokka bites you.
* * * LOW HITPOINT WARNING * * *
The quokka bites you.
* * * LOW HITPOINT WARNING * * *
The quokka barely misses you. The quokka bites you.
You die...

##...............##
##..⌠...⌠...⌠...⌠..##
##......[............##
#......⌠.......⌠......#
#.........(⌠.)........#
##...................##
##########.##########
#.#########
#†.@r.#...#########.
#.))r.J............g
#...####..##########
#..##..##...)....#
#..)....#..#.###.#
#...##..#..#.#^..#
#..##..##..#.#.###
#..#..##..##...#
##..#......######


You could see an endoplasm and 2 quokkas.

Vanquished Creatures
  3 ball pythons (D:1)
  2 goblins (D:1)
  A hobgoblin (D:1)
  A jackal (D:1)
  2 kobolds (D:1)
  A quokka (D:1)
  2 rats (D:1)
12 creatures vanquished.

Vanquished Creatures (others)
  28 foxfires (D:1)
28 creatures vanquished.

Grand Total: 40 creatures vanquished

Notes
Turn   | Place    | Note
-------+----------+-------------------------------------------
     0 | D:1      | gohu the Djinni Fire Elementalist began the quest for the
                  | Orb.
     0 | D:1      | gohu set off with the following spells memorised: Foxfire,
                  | Scorch, Volatile Blastmotes, Inner Flame, Flame Wave.
     0 | D:1      | Reached XP level 1. HP: 15/15 MP: 0/0
    32 | D:1      | Reached XP level 2. HP: 18/21 MP: 0/0
   187 | D:1      | Slain by a quokka

Illustrated notes

Levels and vault maps discovered:
D:1:      dpeg_arrival_lava_temple_mockup, layout_basic, st_stairs_11,
          hangedman_feature_mirror, minmay_close_crescents

Action                     || total
---------------------------++-------
   Cast: Foxfire           ||    17
         Scorch            ||     1
 Armour: Robe              ||     9
  Dodge: Dodged            ||     7
